 Dungeon Crawl Stone Soup version 0.26-a0-84-g8c18429211 (webtiles) character file.

Game seed: 750485731347440714

2032 G3Kappa the Basher (level 9, -6/52 HPs)
             Began as a Gargoyle Earth Elementalist on June 20, 2020.
             Mangled by an orc warrior
             ... wielding a +4 vorpal hand axe
              (13 damage)
             ... on level 6 of the Dungeon.
             The game lasted 00:15:03 (7776 turns).

G3Kappa the Basher (Gargoyle Earth Elementalist)    Turns: 7776, Time: 00:15:04

Health: -6/52      AC: 13    Str: 12    XL:     9   Next: 23%
Magic:  21/21      EV: 10    Int: 19    God:
Gold:   39         SH:  0    Dex: 10    Spells: 9/12 levels left

rFire    . . .     SeeInvis .   B - +2 whip (elec)
rCold    + + .     Gourm    .   (no shield)
rNeg     + . .     Faith    .   l - +1 ring mail {rC+}
rPois    ∞         Spirit   .   (no helmet)
rElec    +         Reflect  .   (no cloak)
rCorr    .         Harm     .   (no gloves)
MR       .....                  n - +0 pair of boots
Stlth    +.........             (no amulet)
HPRegen  0.17/turn              p - ring of protection from cold
MPRegen  0.17/turn              y - ring of magical power

@: very slightly contaminated, invisible
A: negative energy resistance 1, electricity resistance, unbreathing,
petrification resistance, rot immunity, AC +6
a: no special abilities


You were on level 6 of the Dungeon.
You were not hungry.

You visited 1 branch of the dungeon, and saw 6 of its levels.
You also visited: Sewer.

You collected 273 gold pieces.
You spent 234 gold pieces at shops.

Inventory:

Hand Weapons
 a - a +0 morningstar
 B - a +2 whip of electrocution (weapon)
Missiles
 b - 52 stones (quivered)
Armour
 e - the +2 ring mail of Mochum {rC- rCorr Dex+4}
   (You bought it in a shop on level 4 of the Dungeon)

   It affects your dexterity (+4).
   It makes you vulnerable to cold.
   It provides partial protection from all sources of acid and corrosion.
 l - a +1 ring mail of cold resistance (worn)
 n - a +0 pair of boots (worn)
Jewellery
 p - a ring of protection from cold (left hand)
 y - a ring of magical power (right hand)
 A - an uncursed ring of wizardry
Wands
 j - a wand of paralysis (8)
 s - a wand of iceblast (4)
 z - a wand of clouds (5)
Scrolls
 h - 2 scrolls of magic mapping
 i - 2 scrolls of blinking {unknown}
 k - 7 scrolls of identify {unknown}
 q - 2 scrolls of immolation {unknown}
 r - a scroll of random uselessness {unknown}
 t - a scroll of enchant weapon {unknown}
 v - 2 scrolls of teleportation {unknown}
 w - 3 scrolls of fear {unknown}
Potions
 g - a potion of invisibility
 x - a potion of might
 C - a potion of ambrosia
Comestibles
 d - 12 rations


   Skills:
 - Level 4.1 Fighting
 * Level 11.0 Maces & Flails
 - Level 1.5 Dodging
 - Level 2.1 Stealth
 - Level 2.0 Spellcasting
 - Level 0.7 Transmutations
 - Level 3.6 Earth Magic


You had 9 spell levels left.
You knew the following spells:

 Your Spells              Type           Power        Failure   Level  Hunger
a - Sandblast             Erth           ###...       9%          1    #......
b - Passwall              Tmut/Erth      ##......     24%         2    ###....

Your spell library contained the following spells:

 Spells                   Type           Power        Failure   Level  Hunger
 Stone Arrow              Conj/Erth      #.....       50%         3    ###....
 Petrify                  Tmut/Erth      ##......     83%         4    #####..
 Lee's Rapid Deconstruct  Erth           ###.......   94%         5    ######.


Dungeon Overview and Level Annotations

Branches:
Dungeon (6/15)              Sewer (visited)
 Temple: D:4-7

Altars:

Shops:
D:4 [


Innate Abilities, Weirdness & Mutations

You are resistant to torment.
Your stone body is resilient. (AC +6)
You are immune to poison.
You resist negative energy. (rN+)
You are resistant to electric shocks. (rElec)
You can survive without breathing.
You are immune to petrification.
You are immune to rotting.


Message History

You hit the orc warrior.
The orc warrior is severely wounded.
The orc warrior hits you with a +4 vorpal hand axe!
* * * LOW HITPOINT WARNING * * *
x2 You completely miss the orc warrior.
The orc warrior is severely wounded.
You barely miss the orc warrior.
The orc warrior is severely wounded.
The orc warrior closely misses you.
You barely miss the orc warrior.
The orc warrior is severely wounded.
You closely miss the orc warrior.
The orc warrior is severely wounded.
The orc warrior barely misses you.
You hit the orc warrior but do no damage.
The orc warrior is severely wounded.
You hit the orc warrior.
The orc warrior is severely wounded.
The orc warrior hits you with a +4 vorpal hand axe!
You die...

...######'###########'##
.....# ...#.............
... ...#.............
....# ...+.............
#....#
...#####.###############
.... ###'###..##..###
.....#.........#....#
.....#.........#....#
#.........o@...#
#........[#)...#
#.........#....#
#.####...##....#
######...#######
#...........
#...........
#............
#............


You could see an orc warrior.

Vanquished Creatures
  Menkaure (D:6)
  A water moccasin (D:3)
  3 orc warriors
  A sky beast (D:5)
  An ogre (D:5)
  A necrophage (D:5)
  A centaur (D:5)
  A big kobold (Sewer)
  A crimson imp (D:5)
  2 hounds (D:5)
  A centaur zombie (D:4)
  6 orc wizards
  4 gnoll shamans (D:5)
  Terence (D:2)
  Ijyb (D:5)
  An iguana (D:4)
  A worker ant (D:5)
  10 adders
  27 gnolls (D:5)
  2 river rats
  A shadow imp (D:5)
  7 oozes
  2 adder zombies (D:6)
  An adder skeleton (D:6)
  9 worms
  A dart slug (D:2)
  6 leopard geckos
  13 orcs
  2 bats
  3 giant cockroaches
  9 hobgoblins
  30 jackals
  4 quokkas
  5 ball pythons
  6 frilled lizards
  5 goblins
  A jackal skeleton (D:4)
  9 kobolds
  15 rats
196 creatures vanquished.

Notes
Turn   | Place    | Note
-------+----------+-------------------------------------------
     0 | D:1      | G3Kappa the Gargoyle Earth Elementalist began the quest for
                  | the Orb.
     0 | D:1      | Reached XP level 1. HP: 10/10 MP: 3/3
    53 | D:1      | Reached skill level 1 in Fighting
   223 | D:1      | Reached XP level 2. HP: 4/17 MP: 1/5
   924 | D:1      | Reached XP level 3. HP: 11/22 MP: 4/6
  1668 | D:2      | You fall into a shaft and drop 1 floor!
  1668 | D:3      | Noticed Terence
  1668 | D:3      | Noticed a water moccasin
  1686 | D:2      | Killed Terence
  1686 | D:2      | Reached XP level 4. HP: 29/29 MP: 1/7
  2057 | D:2      | Reached skill level 1 in Maces & Flails
  2066 | D:2      | Learned a level 2 spell: Passwall
  2517 | D:3      | Killed a water moccasin
  2517 | D:3      | Reached skill level 3 in Maces & Flails
  2517 | D:3      | Reached XP level 5. HP: 3/33 MP: 4/8
  2849 | D:2      | Reached XP level 6. HP: 37/38 MP: 6/9
  2895 | D:3      | Reached skill level 4 in Maces & Flails
  3361 | D:4      | Found Xitulux's Antique Armour Emporium.
  3469 | D:4      | Found a glowing drain.
  3474 | Sewer    | Entered a sewer
  3825 | Sewer    | Reached skill level 5 in Maces & Flails
  4351 | Sewer    | Reached XP level 7. HP: 43/43 MP: 8/10
  4848 | D:4      | Reached skill level 6 in Maces & Flails
  4958 | D:5      | Entered Level 5 of the Dungeon
  5258 | D:5      | Reached skill level 7 in Maces & Flails
  5436 | D:5      | Reached XP level 8. HP: 48/48 MP: 5/11
  5543 | D:5      | Reached skill level 8 in Maces & Flails
  6036 | D:5      | Reached skill level 9 in Maces & Flails
  6569 | D:5      | Noticed Ijyb
  6575 | D:5      | Killed Ijyb
  7030 | D:6      | Reached skill level 10 in Maces & Flails
  7122 | D:6      | Reached XP level 9. HP: 34/52 MP: 12/12
  7225 | D:4      | Bought an ancient ring mail for 234 gold pieces
  7236 | D:4      | Identified the +2 ring mail of Mochum {rC- rCorr Dex+4}
                  | (You bought it in a shop on level 4 of the Dungeon)
  7285 | D:6      | Noticed Menkaure
  7294 | D:6      | Killed Menkaure
  7759 | D:6      | Reached skill level 11 in Maces & Flails
  7776 | D:6      | Mangled by an orc warrior

Illustrated notes

Levels and vault maps discovered:
D:1:      lightli_iron_boxes, layout_rooms
D:2:      layout_loops_ring
D:3:      layout_rooms, first_ration, lemuel_another_geyser, uniq_terence
D:4:      layout_rooms, gup_sewer_entry_spiral, serial_shops,
          nicolae_shop_overgrown_old_shop
D:5:      lemuel_castle_with_subvaults [lemuel_castle_interior_carwin_2],
          layout_basic, uniq_ijyb
D:6:      layout_gridville, uniq_menkaure

Skill      XL: |  1  2  3  4  5  6  7  8  9 |
---------------+----------------------------+-----
Fighting       | 1 2 4 |  4.1
Maces & Flails | 3 5 7 10 11 | 11.0
Dodging        | |  1.5
Stealth        | |  2.1
Spellcasting   | |  2.0
Transmutations | |  0.7
Earth Magic    | |  3.6

Action                   |  1- 3 |  4- 6 |  7- 9 || total
-------------------------+-------+-------+-------++-------
Melee: Unarmed           |    89 |       |       ||    89
       Club              |    58 |     4 |       ||    62
       Morningstar       |       |   240 |   142 ||   382
       Whip              |       |       |   154 ||   154
Throw: Stone             |       |     2 |     1 ||     3
 Cast: Sandblast         |    29 |    52 |    41 ||   122
Evoke: Wand              |       |       |     9 ||     9
  Use: Potion            |     2 |       |     6 ||     8
       Scroll            |       |     1 |       ||     1
 Stab: Distracted        |       |       |     1 ||     1
       Paralysed         |       |       |     4 ||     4
  Eat: Chunk             |     3 |    11 |    11 ||    25
Armor: Robe              |    20 |       |       ||    20
       Ring mail         |    37 |   211 |   184 ||   432
Dodge: Dodged            |   117 |   211 |   185 ||   513

Table legend:
 A = Non-vault XP
 B = Vault XP
 C = Vault XP percentage of total XP
 D = Non-vault monster count
 E = Vault monster count
 F = Vault count percentage of total count
                 A         B        C        D         E       F
            +---------+---------+-------+---------+---------+-------
      Total |    1669 |    1234 |  42.5 |     110 |      86 |  43.9
            +---------+---------+-------+---------+---------+-------
        D:1 |      46 |       0 |   0.0 |      28 |       0 |   0.0
        D:2 |      84 |      36 |  30.0 |      26 |       1 |   3.7
        D:3 |     196 |       0 |   0.0 |      13 |       0 |   0.0
        D:4 |      80 |      22 |  21.6 |       5 |       5 |  50.0
        D:5 |     747 |     731 |  49.5 |      17 |      51 |  75.0
        D:6 |     516 |     183 |  26.2 |      21 |       1 |   4.5
      Sewer |       0 |     262 | 100.0 |       0 |      28 | 100.0
            +---------+---------+-------+---------+---------+-------
